 Dungeon Crawl Stone Soup version 0.20.1-1-g8b1a95d (webtiles) character file.

1631 pstr the Conjurer (level 9, -6/47 HPs)
             Began as a Kobold Conjurer on Nov 18, 2017.
             Mangled by a seven-headed hydra (12 damage)
             ... on level 7 of the Dungeon.
             The game lasted 00:26:18 (9178 turns).

pstr the Conjurer (Kobold Conjurer)                 Turns: 9178, Time: 00:26:19

Health: -6/47      AC:  9    Str:  5 (6)  XL:     9   Next: 18%
Magic:  15/19      EV: 12    Int: 18 (19) God:    Xom [....*.]
Gold:   360        SH:  0    Dex: 13 (15) Spells: 15/21 levels left

rFire    + . .     SeeInvis .   g - +4 quarterstaff (chaos)
rCold    + . .     Gourm    .   (shield currently unavailable)
rNeg     . . .     Faith    +   u - +2 ring mail
rPois    +         Spirit   .   (no helmet)
rElec    +         Reflect  .   l - +0 cloak
rCorr    +         Harm     .   I - +0 pair of gloves
MR       ++...                  (no boots)
Stlth    ++........             q - amulet of faith
Regen    0.2/turn               G - ring of protection from magic
MPRegen  0.2/turn               p - ring of protection from magic

@: resistant, drained
A: carnivore 3, deterioration 2, evolution 1
a: Renounce Religion


You were on level 7 of the Dungeon.
You worshipped Xom.
You were a beloved toy of Xom.
You were very full.

You visited 1 branch of the dungeon, and saw 7 of its levels.
You also visited: Sewer.

You collected 435 gold pieces.
You spent 75 gold pieces at shops.

Inventory:

Hand Weapons
 g - a +4 quarterstaff of chaos (weapon)
Missiles
 k - 176 stones (quivered)
 w - 94 arrows
Armour
 a - a +0 robe
 i - a +0 leather armour
 l - a +0 cloak (worn)
 u - a +2 ring mail (worn)
 C - the +2 chain mail "Dumad" {rC+ Stlth+}
   (You found it on level 5 of the Dungeon)

   It protects you from cold.
   It makes you more stealthy.
 I - a +0 pair of gloves (worn)
Jewellery
 p - a ring of protection from magic (right hand)
 q - an amulet of faith (around neck)
 v - an uncursed ring of protection from cold
 G - a ring of protection from magic (left hand)
 H - a +3 ring of slaying {unknown}
Scrolls
 e - a scroll of magic mapping
 f - 4 scrolls of remove curse
 j - a scroll of amnesia
 o - 3 scrolls of immolation
 t - 3 scrolls of identify
 x - a scroll of random uselessness
 y - 3 scrolls of fear
 B - 3 scrolls of enchant armour
 D - 2 scrolls of fog
 E - a scroll of teleportation {unknown}
 F - 2 scrolls of recharging {unknown}
Potions
 h - 4 potions of magic
 n - 5 potions of heal wounds
 s - a potion of brilliance
 z - 5 potions of curing
 A - a potion of degeneration {unknown}
 J - a potion of lignification {unknown}
 K - a potion of berserk rage {unknown}
Books
 b - a book of Conjurations

   Spells                             Type                      Level
   a - Magic Dart                     Conjuration                  1
   b - Searing Ray                    Conjuration                  2
   c - Dazzling Spray                 Conjuration/Hexes            3
   d - Fulminant Prism                Conjuration/Hexes            4
   e - Force Lance                    Conjuration/Translocation    4
   f - Iskenderun's Mystic Blast      Conjuration                  4
 M - a book of Cantrips

   Spells                             Type                      Level
   a - Confusing Touch                Hexes                        1
   b - Animate Skeleton               Necromancy                   1
   c - Summon Small Mammal            Summoning                    1
   d - Apportation                    Translocation                1
Comestibles
 c - 10 meat rations
 m - 2 royal jellies


   Skills:
 + Level 1.0(0.6) Fighting
 + Level 1.7(1.2) Staves
 + Level 2.9(2.4) Armour
 + Level 4.4(3.9) Dodging
 + Level 4.9(4.4) Stealth
 + Level 0.2(0.0) Unarmed Combat
 + Level 6.7(6.2) Spellcasting
 + Level 7.5(6.9) Conjurations


You had 15 spell levels left.
You knew the following spells:

 Your Spells              Type           Power        Failure   Level  Hunger
a - Magic Dart            Conj           ####         3%          1    None
b - Searing Ray           Conj           ####..       4%          2    None
c - Dazzling Spray        Conj/Hex       ###...       36%         3    ##.....


Dungeon Overview and Level Annotations

Branches:
Dungeon (7/15)
 Temple: D:4-7

Altars:
Cheibriados
Elyvilon
Gozag
Hepliaklqana
Ru
Trog
Xom
Yredelemnul

Shops:
D:4 ?   D:7 :


Innate Abilities, Weirdness & Mutations

You are small and have problems with some larger weapons.
You are carnivorous and can eat meat at any time.
Your body often deteriorates upon taking damage.
You evolve.


Message History

You feel much better.
The seven-headed hydra completely misses your quasit.
The seven-headed hydra bites your quasit.
The seven-headed hydra bites your quasit!
The seven-headed hydra closely misses your quasit.
The seven-headed hydra bites your quasit!
Your quasit dies!
The seven-headed hydra bites you but does no damage.
The seven-headed hydra bites you!
You feel protected. The seven-headed hydra misses you.
The seven-headed hydra bites you!
* * * LOW HITPOINT WARNING * * *
Your body deteriorates!
You feel dopey.
The seven-headed hydra barely misses you.
The seven-headed hydra completely misses you.
The seven-headed hydra bites you.
* * * LOW HITPOINT WARNING * * *
The seven-headed hydra bites you!
You die...
Xom thinks this is hilarious!

#.##....
........###...#.#
......... ###
###.........# #.##.....
.. ..#.........# #...
.... .###. ###.##..#.#
####....# #...#
#.###...# #### #..)# #.#
##.# #.{.# #.# #.# ##D##
#.#####.# #@# #.).....#
##.## #######.# ##...##
#.# ##.....## #.#
#.<.....#########.#
######.......##........#
.............##.########
######..........#
#.......####


You could see a seven-headed hydra.

Vanquished Creatures
  Sigmund (D:5)
  A sky beast (D:7)
  2 ogres
  A centaur (D:3)
  A bullfrog (D:5)
  5 wights (D:7)
  A howler monkey (D:5)
  3 crimson imps
  2 hounds
  3 orc priests
  Crazy Yiuf (D:4)
  A bullfrog skeleton (D:6)
  4 iguanas
  An orc wizard (D:5)
  A killer bee zombie (D:3)
  2 hound zombies
  2 worker ant zombies
  A howler monkey skeleton (D:6)
  3 gnolls (D:5)
  17 adders
  4 worms
  2 dart slugs
  2 leopard geckos
  7 orcs
  4 giant cockroaches
  8 goblins
  10 hobgoblins
  19 jackals
  4 quokkas
  A ball python (Sewer)
  8 bats
  6 frilled lizards
  12 kobolds
  A leopard gecko skeleton (D:4)
  A leopard gecko zombie (D:5)
  7 rats
  A fungus (D:2)
150 creatures vanquished.

Vanquished Creatures (collateral kills)
  An orc (D:5)
1 creature vanquished.

Grand Total: 151 creatures vanquished

Notes
Turn   | Place    | Note
-------+----------+-------------------------------------------
     0 | D:1      | pstr the Kobold Conjurer began the quest for the Orb.
     0 | D:1      | Reached XP level 1. HP: 10/10 MP: 3/3
   140 | D:1      | Reached XP level 2. HP: 15/15 MP: 0/5
   389 | D:1      | Learned a level 2 spell: Searing Ray
   783 | D:1      | Reached XP level 3. HP: 19/19 MP: 4/6
  1149 | D:2      | Found a faded altar of an unknown god.
  1379 | D:2      | Reached XP level 4. HP: 24/24 MP: 4/8
  1449 | D:2      | Found a sacrificial altar of Ru.
  1666 | D:2      | Reached skill level 5 in Conjurations
  1799 | D:2      | Found a snail-covered altar of Cheibriados.
  1883 | D:2      | Found a hazy altar of Hepliaklqana.
  1886 | D:2      | Found a shimmering altar of Xom.
  1886 | D:2      | Noticed a boggart
  1887 | D:2      | Noticed a spectral ugly thing
  1887 | D:2      | Noticed a boggart
  1894 | D:2      | Became a worshipper of Xom the Psychopath
  2013 | D:2      | Learned a level 3 spell: Dazzling Spray
  2137 | D:2      | XOM: harmless Tmut miscast
  2184 | D:3      | Reached XP level 5. HP: 28/28 MP: 3/9
  2412 | D:3      | XOM: harmless Tmut miscast
  2541 | D:3      | Noticed a centaur
  2542 | D:3      | XOM: butterfly on damage
  2552 | D:3      | Killed a centaur
  2552 | D:3      | Reached XP level 6. HP: 2/32 MP: 3/11
  3043 | D:3      | Found an opulent altar of Gozag.
  3128 | D:3      | XOM: harmless Erth miscast
  3245 | D:3      | XOM: harmless Hex miscast
  3359 | D:3      | Found a bloodstained altar of Trog.
  3610 | D:3      | XOM: mild Tmut miscast
  3893 | D:3      | XOM: silly message
  4161 | D:3      | Reached skill level 6 in Conjurations
  4175 | D:3      | XOM is BORED!
  4175 | D:3      | XOM: noise
  4242 | D:3      | XOM: harmless Tloc miscast
  4471 | D:4      | XOM: potion effect (magic)
  4629 | D:4      | Noticed an ogre
  4630 | D:4      | XOM: potion effect (agility)
  4636 | D:4      | Killed an ogre
  4636 | D:4      | Reached XP level 7. HP: 36/36 MP: 5/13
  4981 | D:4      | XOM is BORED!
  5110 | D:4      | XOM: 3-stop teleportation journey
  5220 | D:4      | XOM: cloud trail
  5340 | D:4      | Found Jazy Rofaus's Magic Scroll Shop.
  5346 | D:4      | Bought a scroll of enchant weapon for 75 gold pieces
  5422 | D:4      | Found a runed door.
  5426 | D:4      | Noticed Crazy Yiuf
  5441 | D:4      | Killed Crazy Yiuf
  5596 | D:5      | Entered Level 5 of the Dungeon
  5611 | D:5      | XOM: summons friendly iron imp
  5617 | D:5      | Reached skill level 5 in Spellcasting
  5716 | D:5      | XOM: 4-stop teleportation journey
  5726 | D:5      | Reached XP level 8. HP: 38/41 MP: 5/16
  5771 | D:5      | XOM: 1-stop teleportation journey
  5808 | D:5      | XOM: confuse monster(s)
  5828 | D:5      | XOM: scenery: create altars
  5996 | D:5      | Got a spiked chain mail
  6168 | D:5      | XOM: god gift: 6 meat rations
  6179 | D:5      | Found a glowing drain.
  6187 | Sewer    | Entered a sewer
  6332 | Sewer    | XOM: silly message
  6547 | Sewer    | XOM: divination: detect items
  6580 | Sewer    | XOM: polymorph jackal -> orc
  6730 | Sewer    | XOM: medium Chrm miscast
  6739 | Sewer    | XOM: give mutations
  6739 | Sewer    | Gained mutation: Your body sometimes deteriorates upon taking damage. [Xom's mischief]
  6739 | Sewer    | Gained mutation: Your body often deteriorates upon taking damage. [Xom's mischief]
  6876 | Sewer    | XOM: give mutation
  6876 | Sewer    | Gained mutation: You evolve. [Xom's mischief]
  7022 | D:5      | XOM: medium Conj miscast
  7177 | D:5      | XOM: 2-stop teleportation journey
  7365 | D:5      | Noticed Sigmund
  7392 | D:5      | XOM: fog
  7393 | D:5      | XOM: chaos upgrade
  7397 | D:5      | Killed Sigmund
  7397 | D:5      | Reached skill level 1 in Staves
  7397 | D:5      | Reached skill level 1 in Armour
  7397 | D:5      | Reached skill level 7 in Conjurations
  7908 | D:6      | Found a white marble altar of Elyvilon.
  7909 | D:6      | Identified the +2 chain mail "Dumad" {rC+ Stlth+} (You found it on level 5 of the Dungeon)
  7933 | D:6      | XOM: harmless Conj miscast
  8444 | D:6      | Found a basalt altar of Yredelemnul.
  8457 | D:6      | XOM is BORED!
  8457 | D:6      | XOM: mild Erth miscast
  8553 | D:6      | XOM: summons 4 hostile demons
  9019 | D:7      | XOM: enchant monster (good)
  9022 | D:7      | Reached XP level 9. HP: 34/46 MP: 5/18
  9039 | D:7      | XOM: summons friendly quasit
  9082 | D:7      | Found Wetre's Book Boutique.
  9112 | D:7      | Reached skill level 1 in Fighting
  9170 | D:7      | Noticed a seven-headed hydra
  9175 | D:7      | XOM: snakes to sticks
  9178 | D:7      | Mangled by a seven-headed hydra

Skill      XL: |  1  2  3  4  5  6  7  8  9 |
---------------+----------------------------+-----
Stealth        | 3 4 |  4.9
Conjurations   | 5 6 7 |  7.5
Spellcasting   | 3 4 5 6 |  6.7
Dodging        | 3 4 |  4.4
Staves         | 1 |  1.7
Armour         | 2 |  2.9
Fighting       | 1 |  1.0
Unarmed Combat | |  0.2

Action                   |  1- 3 |  4- 6 |  7- 9 || total
-------------------------+-------+-------+-------++-------
Melee: Unarmed           |     3 |    10 |     1 ||    14
       Quarterstaff      |       |       |    13 ||    13
 Cast: Magic Dart        |    55 |    61 |    63 ||   179
       Searing Ray       |     2 |    29 |    52 ||    83
       Dazzling Spray    |       |     2 |       ||     2
  Use: Scroll            |       |       |    12 ||    12
       Potion            |       |       |     9 ||     9
  Eat: Chunk             |    10 |    12 |    12 ||    34
Armor: Robe              |     1 |     3 |       ||     4
       Ring mail         |       |       |    33 ||    33
Dodge: Dodged            |    14 |    39 |    78 ||   131
